 Dungeon Crawl Stone Soup version 0.22-a0-587-g7d32d7c7ae (webtiles) character file.

17747 Kholdaimon the Blocker (level 12, -12/103 HPs)
             Began as a Minotaur Fighter on July 4, 2018.
             Was a High Priest of Okawaru.
             Killed from afar by a deep elf mage (31 damage)
             ... with a bolt of fire
             ... on level 14 of the Dungeon.
             The game lasted 01:11:19 (12605 turns).

Kholdaimon the Blocker (Minotaur Fighter)          Turns: 12605, Time: 01:11:19

Health: -12/103    AC: 15    Str: 25    XL:     12   Next: 21%
Magic:  15/15      EV:  8    Int:  9    God:    Okawaru [*****.]
Gold:   480        SH: 21    Dex: 10    Spells: 11/11 levels left

rFire    . . .     SeeInvis .   F - +5 broad axe
rCold    . . .     Gourm    .   D - +1 large shield
rNeg     + . .     Faith    +   K - +3 scale mail
rPois    +         Spirit   .   (helmet restricted)
rElec    .         Reflect  .   T - +0 cloak
rCorr    +         Harm     .   (no gloves)
MR       .....                  Y - +2 pair of boots "Wohoar" {rPois rN+}
Stlth    ..........             l - amulet of faith
HPRegen  0.27/turn              e - +3 ring of strength
MPRegen  0.14/turn              R - ring of resist corrosion

@: very slightly contaminated
A: retaliatory headbutt, horns 2
a: Heroism, Finesse, Renounce Religion


You were on level 14 of the Dungeon.
You worshipped Okawaru.
Okawaru was extremely pleased with you.
You were not hungry.

You visited 2 branches of the dungeon, and saw 13 of its levels.

You collected 480 gold pieces.

Inventory:

Hand Weapons
 a - a +1 battleaxe of chopping
 F - a +5 broad axe (weapon)
 I - a +0 blowgun
 J - a +1 trident of freezing
 W - a +2 whip of venom
Missiles
 b - 9 tomahawks
 g - 7 needles of confusion
 h - 6 sling bullets
 w - 8 curare-tipped needles
 x - 115 bolts
 y - 71 poisoned needles
 G - 20 javelins (quivered)
 X - 6 exploding tomahawks
Armour
 D - a +1 large shield (worn)
 K - a +3 scale mail (worn)
 T - a +0 cloak (worn)
 Y - the +2 pair of boots "Wohoar" (worn) {rPois rN+}
   (You found it on level 8 of the Dungeon)

   It protects you from poison.
   It protects you from negative energy.
Jewellery
 e - a +3 ring of strength (left hand)
 j - the amulet "Istogea" {Gourm *Drain rPois MP+9 Int+7}
   (You found it on level 9 of the Dungeon)

   [amulet of the gourmand]

   It allows you to eat raw meat even when not hungry.
   It affects your intelligence (+7).
   It protects you from poison.
   It affects your magic capacity (+9).
   It causes draining when unequipped.
 l - an amulet of faith (around neck)
 t - an uncursed ring of flight
 A - an uncursed ring of see invisible
 R - a ring of resist corrosion (right hand)
Wands
 c - a wand of paralysis (13)
 C - a wand of acid (11)
 N - a wand of enslavement (9)
 P - a wand of digging (16)
 S - a wand of iceblast (12)
 U - a wand of polymorph (27)
Scrolls
 m - 4 scrolls of identify
 o - 2 scrolls of enchant weapon
 q - 4 scrolls of magic mapping
 s - 4 scrolls of remove curse
 z - a scroll of teleportation
 L - 5 scrolls of fog
 M - a scroll of silence
 O - 2 scrolls of enchant armour
 Q - a scroll of amnesia
 V - a scroll of vulnerability
Potions
 d - 7 potions of might
 i - 3 potions of agility
 k - 2 potions of mutation
 n - a potion of berserk rage
 p - 2 potions of ambrosia
 r - 5 potions of flight
 u - 9 potions of curing
 v - 4 potions of heal wounds
 E - a potion of resistance
 Z - a potion of lignification
Comestibles
 f - 20 rations


   Skills:
 + Level 8.8 Fighting
 * Level 14.4 Axes
 - Level 6.0 Armour
 * Level 14.6 Shields
 - Level 6.0 Invocations


You had 11 spell levels left.
You didn't know any spells.
Your spell library contained the following spells:

 Spells                   Type           Power        Failure   Level  Hunger
 Magic Dart               Conj           #...         98%         1    ##.....
 Confuse                  Hex            #.......     100%        3    ####...
 Mephitic Cloud           Conj/Pois/Air  #.......     100%        3    ####...
 Bolt of Draining         Conj/Necr      #.........   100%        5    ######.
 Iskenderun's Mystic Bla  Conj           #.......     100%        4    #####..
 Freeze                   Ice            #...         98%         1    ##.....
 Summon Ice Beast         Ice/Summ       #.......     100%        4    #####..
 Tukima's Dance           Hex            #.......     100%        3    ####...
 Ensorcelled Hibernation  Hex/Ice        #.....       99%         2    ###....
 Corona                   Hex            #......      98%         1    ##.....
 Simulacrum               Ice/Necr       #.........   100%        6    #######
 Fulminant Prism          Conj/Hex       #.........   100%        4    #####..
 Dazzling Spray           Conj/Hex       #.....       100%        3    ####...
 Force Lance              Conj/Tloc      #.......     100%        4    #####..
 Searing Ray              Conj           #.....       99%         2    ###....


Dungeon Overview and Level Annotations

Branches:
Dungeon (11/15)            Temple (1/1) D:5            Lair (0/6) D:8
    Orc (0/2) D:9

Altars:
Ashenzari
Cheibriados
Dithmenos
Elyvilon
Fedhas
Kikubaaqudgha
Makhleb
Okawaru
Qazlal
Sif Muna
Yredelemnul
Zin

Shops:
D:10 [

Annotations:
D:8 3 runed doors, tamionv's ghost, novice GrFi


Innate Abilities, Weirdness & Mutations

You reflexively headbutt those who attack you in melee.
You have a pair of horns on your head.


Message History

Press: ? - help, Dir - move target cursor You are very lightly contaminated with residual magic.
As you read the scroll of blinking, it crumbles to dust.
A yaktaur comes into view.
The yaktaur shouts!
You hear a shout!
The yaktaur wields an arbalest.
The yaktaur shoots a bolt.
The bolt hits you but does no damage.
The deep elf mage mumbles some strange words.
A yaktaur comes into view.
The yaktaur unwields an uncursed arbalest.
You block the yaktaur's attack.
The yaktaur hits you but does no damage.
Found a potion of flight.
Your surroundings suddenly seem different.
The hell rat roars deafeningly!
A battlesphere comes into view.
The skeletal warrior is engulfed in blazing flames.
The deep elf mage points at you and mumbles some strange words.
The bolt of fire hits you!
You die...

####### #!. ..#
#..#.## #
#c#c#.#..#.#
#..##.#..#.##
#.#(.@.4r.er.
#####.#..#.#####
.......ee*....
....E.3e..
###.#§z#.###
#c...cc§§E.#
.##.#..#Z##..#
#.#..#(# #..##.#


You could see a skeletal warrior, a soul eater, a deep elf knight, a yaktaur, 3
deep elf magi, 2 fire elementals, a red devil, a centaur, 2 hell rats, a
battlesphere and a centaur warrior skeleton.

Vanquished Creatures
  Snorg (D:10)
  A centaur warrior (D:14)
  4 two-headed ogres
  Urug (D:10)
  The ghost of temitten the Arsonist, a novice DEFE of Sif Muna (D:9)
  Sonja (D:10)
  A deep elf mage (D:14)
  2 ugly things (D:11)
  Maurice (D:10)
  A gargoyle (D:10)
  5 centaur skeletons
  A queen bee (D:10)
  A troll (D:9)
  2 hippogriffs (D:11)
  7 yaks
  4 hogs (D:7)
  A human (D:7)
  A hungry ghost (D:10)
  A steam dragon (D:7)
  3 black bears
  3 sky beasts
  3 ice beasts (D:7)
  5 orc warriors
  A phantom (D:5)
  A necrophage (D:6)
  9 ogres
  2 centaurs
  A crocodile (D:9)
  3 bullfrogs (D:8)
  4 big kobolds
  A gnoll sergeant (D:9)
  A water moccasin skeleton (D:9)
  5 scorpions
  30 killer bees
  3 wights (D:6)
  2 howler monkeys (D:4)
  3 crimson imps
  A bullfrog zombie (D:6)
  7 hounds
  7 jellies
  The ghost of Lemiesh the Vexing, a weakling SpEn of Dithmenos (D:3)
  An orc priest (D:3)
  6 orc wizards
  4 iguanas
  8 worker ants
  Natasha (D:2)
  A hound zombie (D:7)
  A howler monkey zombie (D:6)
  Robin (D:4)
  A gnoll (D:9)
  A worker ant zombie (D:10)
  11 adders
  3 shadow imps
  9 oozes
  An adder zombie (D:6)
  A dart slug (D:5)
  5 leopard geckos
  31 orcs
  7 giant cockroaches
  10 goblins
  9 hobgoblins
  8 jackals
  5 quokkas
  8 bats
  2 frilled lizards (D:2)
  A jackal skeleton (D:4)
  30 kobolds
  A quokka skeleton (D:7)
  9 rats
309 creatures vanquished.

Vanquished Creatures (others)
  6 fungi (D:6)
  4 plants (D:6)
  12 toadstools (D:2)
22 creatures vanquished.

Grand Total: 331 creatures vanquished

Notes
Turn   | Place    | Note
-------+----------+-------------------------------------------
     0 | D:1      | Kholdaimon the Minotaur Fighter began the quest for the Orb.
     0 | D:1      | Reached XP level 1. HP: 19/19 MP: 0/0
   259 | D:1      | Reached XP level 2. HP: 27/27 MP: 1/1
   799 | D:2      | Reached XP level 3. HP: 33/33 MP: 2/2
   892 | D:2      | Reached XP level 4. HP: 24/40 MP: 3/3
  1202 | D:2      | Reached XP level 5. HP: 43/47 MP: 4/4
  1203 | D:2      | Reached skill level 5 in Shields
  1585 | D:2      | Noticed Natasha
  1588 | D:2      | Killed Natasha
  2025 | D:3      | Reached XP level 6. HP: 55/55 MP: 5/5
  2116 | D:3      | Reached skill level 5 in Fighting
  2116 | D:3      | Reached skill level 5 in Axes
  2477 | D:3      | Reached skill level 5 in Armour
  2497 | D:3      | Reached XP level 7. HP: 24/61 MP: 6/6
  2840 | D:3      | Found a large runed door.
  2844 | D:3      | Found a large runed door.
  2846 | D:3      | Noticed Lemiesh's ghost (weakling SpEn)
  3120 | D:4      | Got a shimmering leather armour
  3166 | D:4      | Identified the +1 leather armour of the Bouncing Gods {rF- rC++ Dex+5} (You found it on level 4 of the Dungeon)
  3277 | D:4      | Noticed Robin
  3294 | D:4      | Killed Robin
  4139 | D:3      | Killed Lemiesh's ghost
  4218 | D:5      | Entered Level 5 of the Dungeon
  4261 | D:5      | Found a staircase to the Ecumenical Temple.
  4275 | Temple   | Entered the Ecumenical Temple
  4304 | Temple   | Became a worshipper of Warmaster Okawaru
  4380 | D:5      | Reached XP level 8. HP: 67/70 MP: 7/7
  4905 | D:6      | Reached skill level 1 in Invocations
  5417 | D:6      | Reached * piety under Okawaru
  5754 | D:6      | Found a blossoming altar of Fedhas.
  6128 | D:7      | Reached XP level 9. HP: 57/75 MP: 10/10
  6251 | D:7      | Reached ** piety under Okawaru
  6363 | D:7      | Found a white marble altar of Elyvilon.
  6684 | D:7      | Reached *** piety under Okawaru
  6684 | D:7      | Reached skill level 10 in Shields
  6699 | D:7      | Reached skill level 10 in Axes
  7276 | D:8      | Noticed a two-headed ogre
  7306 | D:8      | Killed a two-headed ogre
  7306 | D:8      | Reached **** piety under Okawaru
  7306 | D:8      | Reached XP level 10. HP: 35/83 MP: 10/12
  7518 | D:8      | Noticed tamionv's ghost (novice GrFi)
  7667 | D:8      | Got a pair of spiked boots
  7673 | D:8      | Identified the +2 pair of boots "Wohoar" {rPois rN+} (You found it on level 8 of the Dungeon)
  7676 | D:8      | Found a staircase to the Lair.
  7706 | D:8      | Noticed a two-headed ogre
  7728 | D:8      | Killed a two-headed ogre
  7788 | D:8      | Found a runed gate.
  7788 | D:8      | Found a runed gate.
  7788 | D:8      | Found a runed gate.
  7942 | D:8      | Found a shadowy altar of Dithmenos.
  8234 | D:9      | Reached ***** piety under Okawaru
  8379 | D:9      | Received a gift from Okawaru
  8414 | D:9      | Found a staircase to the Orcish Mines.
  8867 | D:9      | Found a large runed door.
  8867 | D:9      | Found a large runed door.
  9026 | D:9      | Noticed temitten's ghost (novice DEFE)
  9124 | D:9      | Found a deep blue altar of Sif Muna.
  9854 | D:9      | Killed temitten's ghost
  9865 | D:9      | Got a brightly glowing emerald amulet
 10093 | D:10     | Entered Level 10 of the Dungeon
 10255 | D:10     | Noticed a gargoyle
 10262 | D:10     | Killed a gargoyle
 10262 | D:10     | Reached XP level 11. HP: 91/91 MP: 10/13
 10456 | D:10     | Reached skill level 5 in Invocations
 10487 | D:10     | Noticed Urug
 10685 | D:10     | Killed Urug
 10685 | D:10     | Received a gift from Okawaru
 10705 | D:10     | Identified the amulet "Istogea" {Gourm *Drain rPois MP+9 Int+7} (You found it on level 9 of the Dungeon)
 10896 | D:10     | Found Xosesene's Antique Armour Shoppe.
 10984 | D:10     | Noticed a two-headed ogre
 10996 | D:10     | Killed a two-headed ogre
 11067 | D:10     | Noticed Snorg
 11073 | D:10     | Killed Snorg
 11206 | D:10     | Noticed Sonja
 11209 | D:10     | Noticed Maurice
 11210 | D:10     | Killed Sonja
 11256 | D:10     | Killed Maurice
 11494 | D:10     | Noticed a two-headed ogre
 11500 | D:10     | Killed a two-headed ogre
 11964 | D:11     | Found a glowing silver altar of Zin.
 11973 | D:11     | Noticed a brown ugly thing
 11978 | D:11     | Noticed a white ugly thing
 11987 | D:11     | Killed a brown ugly thing
 11987 | D:11     | Received a gift from Okawaru
 11996 | D:11     | Killed a brown ugly thing
 11996 | D:11     | Reached XP level 12. HP: 32/103 MP: 15/15
 12024 | D:11     | Identified the Collected Works on Harmful Ice
 12100 | D:11     | You fall through a shaft for 3 floors!
 12589 | D:14     | Noticed a centaur warrior
 12601 | D:14     | Killed a centaur warrior
 12605 | D:14     | Killed from afar by a deep elf mage

Vault maps used:
D:1:      dpeg_arrival_boxes_within_box
D:2:      cheibrodos_fertilizer, minmay_cupped, uniq_natasha
D:3:      ebering_ghost_disaster_area
D:4:      first_ration, kennysheep_big_empty_room, uniq_robin
D:5:      cheibrodos_quashed, minmay_temple_entry_statues_pillars,
          kennysheep_generic_room_13
D:6:      fedhas_altar_3
D:7:      marbit_many_paths, grunt_livestock
D:8:      lair_entry_dummy, gammafunk_ghost_icy,
          nicolae_dithmenos_through_a_glass_darkly
D:9:      led_sif_pool, kennysheep_orc_monster_closet_entryway,
          ebering_ghost_disaster_area, st_stairs_12, nrook_mini_vaults
D:10:     special_room, serial_shops, nicolae_shop_statue_plus, uniq_sonja,
          uniq_maurice, uniq_snorg, uniq_urug
D:11:     portal_ice_cave_entry_pillars_1, basic_altar, serial_shops,
          shop_fountains
D:14:     hangedman_vaults_entry_quadrant_bands, minmay_misc_feat_pillars
Temple:   regret_index_temple_chain_breaker

Skill      XL: |  1  2  3  4  5  6  7  8  9 10 11 |
---------------+----------------------------------+-----
Fighting       | 4 5 6 8 |  8.8
Shields        | 4 5 6 7 9 11 12 14 | 14.6
Armour         | 4 5 6 |  6.0
Axes           | 3 4 5 6 8 11 12 14 | 14.4
Invocations    | 2 4 6 |  6.0

Action                   |  1- 3 |  4- 6 |  7- 9 | 10-12 || total
-------------------------+-------+-------+-------+-------++-------
Melee: War axe           |    71 |   156 |   384 |    85 ||   696
       Headbutt          |     6 |    23 |    76 |    80 ||   185
       Broad axe         |       |       |       |   326 ||   326
 Fire: Hunting sling     |       |       |    22 |     2 ||    24
       Blowgun           |       |       |       |     5 ||     5
Throw: Stone             |       |     3 |     5 |       ||     8
       Javelin           |       |       |       |    25 ||    25
Invok: Heroism           |       |       |     1 |     2 ||     3
Evoke: Wand              |       |       |       |     5 ||     5
  Use: Scroll            |       |       |    21 |     7 ||    28
       Potion            |       |       |     2 |     3 ||     5
  Eat: Chunk             |       |     6 |    15 |    11 ||    32
       Ration            |       |       |       |     3 ||     3
Armor: Scale mail        |    54 |    54 |   100 |    95 ||   303
Dodge: Dodged            |    24 |    50 |    49 |    66 ||   189
Block: Shield            |    39 |    64 |       |       ||   103
       Large shield      |       |    36 |   323 |   439 ||   798

Table legend:
 A = Spawn XP
 B = Non-spawn XP
 C = Spawn XP percentage of total XP
 D = Spawn monster count
 E = Non-spawn monster count
 F = Spawn count percentage of total count
 G = Total turns spent on level
                    A         B        C        D         E        F      G
               +---------+---------+-------+---------+---------+-------+---------
         Total |       0 |   25353 |   0.0 |       0 |     309 |   0.0 | 12605
               +---------+---------+-------+---------+---------+-------+---------
           D:1 |       0 |      31 |   0.0 |       0 |      18 |   0.0 |   989
           D:2 |       0 |     300 |   0.0 |       0 |      41 |   0.0 |   988
           D:3 |       0 |     483 |   0.0 |       0 |      26 |   0.0 |  1148
           D:4 |       0 |     494 |   0.0 |       0 |      25 |   0.0 |  1093
           D:5 |       0 |     294 |   0.0 |       0 |       9 |   0.0 |   635
           D:6 |       0 |    1133 |   0.0 |       0 |      38 |   0.0 |  1205
           D:7 |       0 |    2288 |   0.0 |       0 |      33 |   0.0 |  1137
           D:8 |       0 |    2527 |   0.0 |       0 |      16 |   0.0 |  1106
           D:9 |       0 |    3098 |   0.0 |       0 |      31 |   0.0 |  1774
          D:10 |       0 |    8298 |   0.0 |       0 |      47 |   0.0 |  1781
          D:11 |       0 |    3306 |   0.0 |       0 |      17 |   0.0 |   193
          D:14 |       0 |    3101 |   0.0 |       0 |       8 |   0.0 |   505
               +---------+---------+-------+---------+---------+-------+---------
